| TOP OF THE 1ST |
|
West Michigan Whitecaps batting - Pitching for Charleston RiverDogs : LHP Jessie Neal
|
|
Pitching: LHP Jessie Neal
|
|
|
Batting: LHB Timotheus Young
|
0-0: Ball 1-0: Ground out U3 (Groundball, 34S, EV 70.6 MPH)
|
|
Batting: RHB Yankel Pensak
|
0-0: Called Strike 0-1: Called Strike 0-2: Fly out, F7 (Flyball, 78XD, EV 108.1 MPH)
|
|
Batting: RHB Ernst Meloche
|
0-0: Swinging Strike 0-1: Called Strike 0-2: Foul Ball, location: 2F 0-2: Strikes out swinging
|
| Top of the 1st over - 0 runs, 0 hits, 0 errors, 0 left on base; West Michigan 0 - Charleston 0 |
| BOTTOM OF THE 1ST |
|
Charleston RiverDogs batting - Pitching for West Michigan Whitecaps : RHP Adam Oyler
|
|
Pitching: RHP Adam Oyler
|
|
|
Batting: LHB Ernesto Abreu
|
0-0: Ground out 6-3 (Groundball, 6M, EV 83.8 MPH)
|
|
Batting: LHB Joe Vida
|
0-0: Called Strike 0-1: Ball 1-1: Swinging Strike 1-2: Fly out, F8 (Flyball, 8RXD, EV 93.1 MPH)
|
|
Batting: LHB Marc Durgin
|
0-0: Called Strike 0-1: Ball 1-1: Swinging Strike 1-2: Ball 2-2: Ball 3-2: Foul Ball, location: 2F 3-2: Foul Ball, location: 2F 3-2: Foul Ball, location: 2F 3-2: Base on Balls
|
|
Batting: RHB Iften Olujimi
|
0-0: Called Strike Marc Durgin steals 2nd base 0-1: Fly out, F8 (Flyball, 8LS, EV 86.2 MPH)
|
| Bottom of the 1st over - 0 runs, 0 hits, 0 errors, 1 left on base; West Michigan 0 - Charleston 0 |
| TOP OF THE 2ND |
|
West Michigan Whitecaps batting - Pitching for Charleston RiverDogs : LHP Jessie Neal
|
|
Batting: RHB Aaron Cusick
|
0-0: Called Strike 0-1: Called Strike 0-2: Strikes out looking
|
|
Batting: LHB George Moran
|
0-0: Ball 1-0: Foul Ball, location: 2F 1-1: Foul Ball, location: 2F 1-2: Ball 2-2: Foul Ball, location: 2F 2-2: Foul Ball, location: 2F 2-2: Fly out, F9 (Flyball, 9LSF, EV 84.4 MPH)
|
|
Batting: RHB Jaden Warrior
|
0-0: Ground out 4-3 (Groundball, 4, EV 106.9 MPH)
|
| Top of the 2nd over - 0 runs, 0 hits, 0 errors, 0 left on base; West Michigan 0 - Charleston 0 |
| BOTTOM OF THE 2ND |
|
Charleston RiverDogs batting - Pitching for West Michigan Whitecaps : RHP Adam Oyler
|
|
Batting: RHB Francisco Vargas
|
0-0: Foul Ball, location: 2F 0-1: Ball 1-1: Foul Ball, location: 2F 1-2: Foul Ball, location: 2F 1-2: Foul Ball, location: 2F 1-2: Foul Ball, location: 2F 1-2: Fly out, F8 (Flyball, 8LM, EV 96.2 MPH)
|
|
Batting: RHB Jeff McClellan
|
0-0: Fly out, F8 (Line Drive, 89M, EV 95.6 MPH)
|
|
Batting: RHB Michael Patterson
|
0-0: Ball 1-0: SINGLE (Line Drive, 8LS, EV 111.9 MPH)
|
|
Batting: RHB Bryan Massey
|
0-0: Ball 1-0: Called Strike 1-1: Ball 2-1: 2-RUN HOME RUN (Line Drive, 7D, EV 107.5 MPH), Distance : 426 ft
|
|
Batting: RHB Louwe Starmans
|
0-0: Called Strike 0-1: Foul Ball, location: 2F 0-2: Strikes out swinging
|
| Bottom of the 2nd over - 2 runs, 2 hits, 0 errors, 0 left on base; West Michigan 0 - Charleston 2 |
| TOP OF THE 3RD |
|
West Michigan Whitecaps batting - Pitching for Charleston RiverDogs : LHP Jessie Neal
|
|
Batting: RHB Juan Acero
|
0-0: Ball 1-0: Ground out 2-3 (Groundball, 13S, EV 65.6 MPH)
|
|
Batting: SHB Ian Arlotta
|
0-0: Called Strike 0-1: Ball 1-1: Ball 2-1: Foul Ball, location: 2F 2-2: Strikes out swinging
|
|
Batting: RHB Jeremiah Washington
|
0-0: DOUBLE (Flyball, 8LXD, EV 102.5 MPH)
|
|
Batting: LHB Timotheus Young
|
0-0: Foul Ball, location: 2F 0-1: SINGLE (Groundball, 3S, EV 71.2 MPH) (infield hit) Jeremiah Washington to third
|
|
Batting: RHB Yankel Pensak
|
0-0: Ball Timotheus Young steals 2nd base (no throw) 1-0: Foul Ball, location: 2F 1-1: Ball 2-1: Called Strike 2-2: Foul Ball, location: 2F 2-2: Strikes out swinging
|
| Top of the 3rd over - 0 runs, 2 hits, 0 errors, 2 left on base; West Michigan 0 - Charleston 2 |
| BOTTOM OF THE 3RD |
|
Charleston RiverDogs batting - Pitching for West Michigan Whitecaps : RHP Adam Oyler
|
|
Batting: LHB Ernesto Abreu
|
0-0: Foul Ball, location: 2F 0-1: Ball 1-1: Foul Ball, location: 2F 1-2: Fly out, F9 (Flyball, 89S, EV 91.9 MPH)
|
|
Batting: LHB Joe Vida
|
0-0: Ball 1-0: Foul Ball, location: 2F 1-1: Ground out 4-3 (Groundball, 4, EV 87.5 MPH)
|
|
Batting: LHB Marc Durgin
|
0-0: Swinging Strike 0-1: Swinging Strike 0-2: Foul Ball, location: 2F 0-2: Strikes out swinging
|
| Bottom of the 3rd over - 0 runs, 0 hits, 0 errors, 0 left on base; West Michigan 0 - Charleston 2 |
| TOP OF THE 4TH |
|
West Michigan Whitecaps batting - Pitching for Charleston RiverDogs : LHP Jessie Neal
|
|
Batting: RHB Ernst Meloche
|
0-0: Called Strike 0-1: Ball 1-1: Swinging Strike 1-2: Strikes out looking
|
|
Batting: RHB Aaron Cusick
|
0-0: Ground out 6-3 (Groundball, 6, EV 101.9 MPH)
|
|
Batting: LHB George Moran
|
0-0: Called Strike 0-1: Ball 1-1: Ball 2-1: Ball 3-1: SINGLE (Flyball, 6D, EV 86.2 MPH)
|
|
Batting: RHB Jaden Warrior
|
0-0: Ball George Moran steals 2nd base (no throw) 1-0: Ball 2-0: Ball 3-0: Base on Balls
|
|
Batting: RHB Juan Acero
|
0-0: Called Strike 0-1: Ball 1-1: Ball 2-1: Swinging Strike 2-2: Foul Ball, location: 2F 2-2: Strikes out swinging
|
| Top of the 4th over - 0 runs, 1 hit, 0 errors, 2 left on base; West Michigan 0 - Charleston 2 |
| BOTTOM OF THE 4TH |
|
Charleston RiverDogs batting - Pitching for West Michigan Whitecaps : RHP Adam Oyler
|
|
Batting: RHB Iften Olujimi
|
0-0: Ball 1-0: Called Strike 1-1: Fly out, F7 (Line Drive, 7LM, EV 103.1 MPH)
|
|
Batting: RHB Francisco Vargas
|
0-0: Foul Ball, location: 2F 0-1: Called Strike 0-2: Ball 1-2: Ground out 6-3 (Groundball, 6, EV 94.4 MPH)
|
|
Batting: RHB Jeff McClellan
|
0-0: Called Strike 0-1: Called Strike 0-2: Hit by Pitch
|
|
Batting: RHB Michael Patterson
|
0-0: Called Strike 0-1: Foul Ball, location: 2F 0-2: Ball 1-2: Ball 2-2: Strikes out swinging
|
| Bottom of the 4th over - 0 runs, 0 hits, 0 errors, 1 left on base; West Michigan 0 - Charleston 2 |
| TOP OF THE 5TH |
|
West Michigan Whitecaps batting - Pitching for Charleston RiverDogs : LHP Jessie Neal
|
|
Batting: SHB Ian Arlotta
|
0-0: Ball 1-0: Called Strike 1-1: Swinging Strike 1-2: Foul Ball, location: 2F 1-2: Ball 2-2: Ground out 5-3 (Groundball, 56, EV 100.0 MPH)
|
|
Batting: RHB Jeremiah Washington
|
0-0: Foul Ball, location: 2F 0-1: Ball 1-1: Fly out, F4 (Popup, 34D, EV 72.5 MPH)
|
|
Batting: LHB Timotheus Young
|
0-0: Ball 1-0: Called Strike 1-1: Ball 2-1: Reached on error, E3 (Groundball, 3, EV 106.2 MPH)
|
|
Batting: RHB Yankel Pensak
|
0-0: Ball Timotheus Young steals 2nd base (no throw) 1-0: SINGLE (Groundball, 4D, EV 102.5 MPH) Timotheus Young to third
|
|
Batting: RHB Ernst Meloche
|
0-0: Called Strike 0-1: Ball Yankel Pensak steals 2nd base 1-1: Ball 2-1: SINGLE (Groundball, 4MD, EV 95.0 MPH) Timotheus Young scores Yankel Pensak to third Runner from 3rd tries for Home, SAFE, throw by CF to home Ernst Meloche to second
|
|
Pitching: RHP Austin Trzcinski
|
|
|
Batting: RHB Aaron Cusick
|
0-0: Called Strike 0-1: Called Strike Balk! Ernst Meloche to third 0-2: Ball Passed Ball! Ernst Meloche scores 1-2: Ball 2-2: Fly out, F8 (Flyball, 8LXD, EV 106.2 MPH)
|
| Top of the 5th over - 3 runs, 2 hits, 1 error, 0 left on base; West Michigan 3 - Charleston 2 |
| BOTTOM OF THE 5TH |
|
Charleston RiverDogs batting - Pitching for West Michigan Whitecaps : RHP Adam Oyler
|
|
Batting: RHB Bryan Massey
|
0-0: Called Strike 0-1: Swinging Strike 0-2: Foul Ball, location: 2F 0-2: Ball 1-2: Foul Ball, location: 2F 1-2: Ball 2-2: Ball 3-2: Foul Ball, location: 2F 3-2: Strikes out swinging
|
|
Batting: RHB Louwe Starmans
|
0-0: Ball 1-0: Ball 2-0: Ball 3-0: Base on Balls
|
|
Batting: LHB Ernesto Abreu
|
0-0: Called Strike 0-1: Ball 1-1: Called Strike 1-2: Ball 2-2: Foul Ball, location: 2F 2-2: Foul Ball, location: 2F 2-2: Strikes out swinging
|
|
Batting: LHB Joe Vida
|
0-0: Swinging Strike 0-1: Foul Ball, location: 2F 0-2: Fly out, F7 (Flyball, 78M, EV 88.1 MPH)
|
| Bottom of the 5th over - 0 runs, 0 hits, 0 errors, 1 left on base; West Michigan 3 - Charleston 2 |
| TOP OF THE 6TH |
|
West Michigan Whitecaps batting - Pitching for Charleston RiverDogs : RHP Austin Trzcinski
|
|
Batting: LHB George Moran
|
0-0: Called Strike 0-1: Ball 1-1: Called Strike 1-2: Ball 2-2: Ground out U3 (Groundball, 34, EV 83.1 MPH)
|
|
Batting: RHB Jaden Warrior
|
0-0: Ground out 4-3 (Groundball, 4, EV 80.6 MPH)
|
|
Batting: RHB Juan Acero
|
0-0: Ball 1-0: Called Strike 1-1: Ball 2-1: Foul Ball, location: 2F 2-2: Ball 3-2: Base on Balls
|
|
Batting: SHB Ian Arlotta
|
0-0: Called Strike 0-1: Swinging Strike 0-2: Strikes out swinging
|
| Top of the 6th over - 0 runs, 0 hits, 0 errors, 1 left on base; West Michigan 3 - Charleston 2 |
| BOTTOM OF THE 6TH |
|
Charleston RiverDogs batting - Pitching for West Michigan Whitecaps : RHP Adam Oyler
|
|
Batting: LHB Marc Durgin
|
0-0: Called Strike 0-1: Ground out 4-3 (Groundball, 4, EV 105.0 MPH)
|
|
Batting: RHB Iften Olujimi
|
0-0: Ball 1-0: Called Strike 1-1: Ground out 6-3 (Groundball, 6M, EV 91.9 MPH)
|
|
Batting: RHB Francisco Vargas
|
0-0: Called Strike 0-1: Ball 1-1: Swinging Strike 1-2: Strikes out swinging
|
| Bottom of the 6th over - 0 runs, 0 hits, 0 errors, 0 left on base; West Michigan 3 - Charleston 2 |
| TOP OF THE 7TH |
|
West Michigan Whitecaps batting - Pitching for Charleston RiverDogs : RHP Austin Trzcinski
|
|
Batting: RHB Jeremiah Washington
|
0-0: Ball 1-0: Ball 2-0: Ball 3-0: Base on Balls
|
|
Batting: LHB Timotheus Young
|
0-0: Bunt missed! 0-1: Bunted foul 0-2: Ball Passed Ball! Jeremiah Washington to second 1-2: Ground out 6-3 (Groundball, 6, EV 82.5 MPH)
|
|
Batting: RHB Yankel Pensak
|
0-0: Ball 1-0: Fly out, F7 (Flyball, 7, EV 83.8 MPH)
|
|
Batting: RHB Ernst Meloche
|
0-0: Intentional Walk
|
|
Batting: RHB Aaron Cusick
|
0-0: Called Strike 0-1: Ball 1-1: Swinging Strike 1-2: Strikes out swinging
|
| Top of the 7th over - 0 runs, 0 hits, 0 errors, 2 left on base; West Michigan 3 - Charleston 2 |
| BOTTOM OF THE 7TH |
|
Charleston RiverDogs batting - Pitching for West Michigan Whitecaps : RHP Adam Oyler
|
|
Pitching: RHP Chris Kimura
|
|
|
Batting: RHB Jeff McClellan
|
0-0: Ground out 4-3 (Groundball, 4, EV 87.5 MPH)
|
|
Batting: RHB Michael Patterson
|
0-0: Swinging Strike 0-1: Ball 1-1: Called Strike 1-2: Ball 2-2: Strikes out looking
|
|
Batting: RHB Bryan Massey
|
0-0: Called Strike 0-1: Ball 1-1: Foul Ball, location: 2F 1-2: Foul Ball, location: 2F 1-2: Ball 2-2: DOUBLE (Line Drive, 3D, EV 95.6 MPH)
|
|
Pinch Hitting: LHB Jeremiah Walker
|
0-0: Ball 1-0: Ball 2-0: Ball 3-0: Called Strike 3-1: Called Strike 3-2: Base on Balls
|
|
Batting: LHB Ernesto Abreu
|
0-0: Foul Ball, location: 2F 0-1: Swinging Strike 0-2: Foul Ball, location: 2F 0-2: Strikes out swinging
|
| Bottom of the 7th over - 0 runs, 1 hit, 0 errors, 2 left on base; West Michigan 3 - Charleston 2 |
| TOP OF THE 8TH |
|
West Michigan Whitecaps batting - Pitching for Charleston RiverDogs : RHP Austin Trzcinski
|
|
Pitching: LHP Ferrie Werkhoven
|
|
|
Now at 1B: Jeremiah Walker
|
|
|
Now at 3B: Iften Olujimi
|
|
|
Batting: LHB George Moran
|
0-0: Ball 1-0: Fly out, F8 (Flyball, 8LM, EV 93.8 MPH)
|
|
Pitching: RHP Willie Perez
|
|
|
Batting: RHB Jaden Warrior
|
0-0: Ball 1-0: Called Strike 1-1: Ball 2-1: Ground out 3-1 (Groundball, 13, EV 85.0 MPH)
|
|
Batting: RHB Juan Acero
|
0-0: Ball 1-0: Ball 2-0: Foul Ball, location: 2F 2-1: Ball 3-1: Called Strike 3-2: Strikes out looking
|
| Top of the 8th over - 0 runs, 0 hits, 0 errors, 0 left on base; West Michigan 3 - Charleston 2 |
| BOTTOM OF THE 8TH |
|
Charleston RiverDogs batting - Pitching for West Michigan Whitecaps : RHP Chris Kimura
|
|
Batting: LHB Joe Vida
|
0-0: Ball 1-0: Called Strike 1-1: Called Strike 1-2: Strikes out swinging
|
|
Batting: LHB Marc Durgin
|
0-0: Ball 1-0: Swinging Strike 1-1: Foul Ball, location: 2F 1-2: Ball 2-2: Strikes out looking
|
|
Batting: RHB Iften Olujimi
|
0-0: Foul Ball, location: 2F 0-1: Ball 1-1: Called Strike 1-2: Foul Ball, location: 2F 1-2: Foul Ball, location: 2F 1-2: Ball 2-2: Foul Ball, location: 2F 2-2: Foul Ball, location: 2F 2-2: Foul Ball, location: 2F 2-2: Ball 3-2: Foul Ball, location: 2F 3-2: Base on Balls
|
|
Batting: RHB Francisco Vargas
|
0-0: Called Strike 0-1: Swinging Strike 0-2: Strikes out swinging
|
| Bottom of the 8th over - 0 runs, 0 hits, 0 errors, 1 left on base; West Michigan 3 - Charleston 2 |
| TOP OF THE 9TH |
|
West Michigan Whitecaps batting - Pitching for Charleston RiverDogs : RHP Willie Perez
|
|
Batting: SHB Ian Arlotta
|
0-0: Called Strike 0-1: Fly out, F7 (Flyball, 7D, EV 105.6 MPH)
|
|
Batting: RHB Jeremiah Washington
|
0-0: Foul Ball, location: 2F 0-1: Foul Ball, location: 2F 0-2: Strikes out swinging
|
|
Batting: LHB Timotheus Young
|
0-0: Foul Ball, location: 2F 0-1: TRIPLE (Flyball, 89XD, EV 94.4 MPH)
|
|
Batting: RHB Yankel Pensak
|
0-0: Ball 1-0: Ball 2-0: Swinging Strike 2-1: Ball 3-1: Base on Balls
|
|
Batting: RHB Ernst Meloche
|
0-0: Fly out, F9 (Flyball, 9LSF, EV 89.4 MPH)
|
| Top of the 9th over - 0 runs, 1 hit, 0 errors, 2 left on base; West Michigan 3 - Charleston 2 |
| BOTTOM OF THE 9TH |
|
Charleston RiverDogs batting - Pitching for West Michigan Whitecaps : RHP Chris Kimura
|
|
Pitching: RHP Denzel McPherson
|
|
|
Batting: RHB Jeff McClellan
|
0-0: Called Strike 0-1: Called Strike 0-2: Foul Ball, location: 2F 0-2: Strikes out swinging
|
|
Pinch Hitting: SHB Tadaaki Kondo
|
0-0: Foul Ball, location: 2F 0-1: Ball 1-1: Called Strike 1-2: Ball 2-2: Hit by Pitch
|
|
Batting: RHB Bryan Massey
|
0-0: Ball Wild Pitch! Tadaaki Kondo to second 1-0: Foul Ball, location: 2F 1-1: Ball 2-1: Called Strike 2-2: Foul Ball, location: 2F 2-2: DOUBLE (Line Drive, 89D, EV 106.2 MPH) Tadaaki Kondo scores
|
|
Batting: LHB Jeremiah Walker
|
0-0: Ball 1-0: Swinging Strike 1-1: Foul Ball, location: 2F 1-2: Ball 2-2: Strikes out swinging
|
|
Batting: LHB Ernesto Abreu
|
0-0: Foul Ball, location: 2F 0-1: Swinging Strike 0-2: Ball 1-2: Strikes out swinging
|
| Bottom of the 9th over - 1 run, 1 hit, 0 errors, 1 left on base; West Michigan 3 - Charleston 3 |
| TOP OF THE 10TH |
|
West Michigan Whitecaps batting - Pitching for Charleston RiverDogs : RHP Willie Perez
|
|
Pitching: RHP Khayyat bin Faruq
|
|
|
Now at 2B: Mike Zern
|
|
|
Batting: RHB Aaron Cusick
|
0-0: Ball 1-0: Called Strike 1-1: Ball 2-1: Swinging Strike 2-2: Ball 3-2: Base on Balls
|
|
Batting: LHB George Moran
|
0-0: Swinging Strike 0-1: Ball 1-1: Fielders Choice at 2nd, 4-6 (Groundball, 3, EV 106.2 MPH)
|
|
Batting: RHB Jaden Warrior
|
0-0: Ball George Moran steals 2nd base 1-0: Ball 2-0: Ground out 4-3 (Groundball, 4M, EV 80.0 MPH) George Moran to third
|
|
Batting: RHB Juan Acero
|
0-0: Intentional Walk
|
|
Pinch Hitting: RHB Eric Angelle
|
0-0: Ball 1-0: Ball 2-0: Swinging Strike 2-1: Ball 3-1: Called Strike 3-2: Ground out U3 (Groundball, 3S, EV 64.4 MPH)
|
| Top of the 10th over - 0 runs, 0 hits, 0 errors, 2 left on base; West Michigan 3 - Charleston 3 |
| BOTTOM OF THE 10TH |
|
Charleston RiverDogs batting - Pitching for West Michigan Whitecaps : RHP Denzel McPherson
|
|
Now at SS: Aaron Cusick
|
|
|
Now in RF: Eric Angelle
|
|
|
Batting: LHB Joe Vida
|
0-0: Ball 1-0: Called Strike 1-1: Fly out, F9 (Flyball, 89M, EV 97.5 MPH)
|
|
Batting: LHB Marc Durgin
|
0-0: Ball 1-0: Ball 2-0: Ball 3-0: Called Strike 3-1: Fly out, F9 (Flyball, 89S, EV 88.8 MPH)
|
|
Batting: RHB Iften Olujimi
|
0-0: Ball 1-0: Called Strike 1-1: Ground out 6-3 (Groundball, 6, EV 103.1 MPH)
|
| Bottom of the 10th over - 0 runs, 0 hits, 0 errors, 0 left on base; West Michigan 3 - Charleston 3 |
| TOP OF THE 11TH |
|
West Michigan Whitecaps batting - Pitching for Charleston RiverDogs : RHP Khayyat bin Faruq
|
|
Pinch Hitting: LHB Brad Gaskill
|
0-0: Called Strike 0-1: Ball 1-1: Ball 2-1: Ground out U3 (Groundball, 3, EV 88.8 MPH)
|
|
Batting: LHB Timotheus Young
|
0-0: Swinging Strike 0-1: Called Strike 0-2: Ball 1-2: Ground out 1-3 (Groundball, 34S, EV 75.0 MPH)
|
|
Batting: RHB Yankel Pensak
|
0-0: Ball 1-0: Called Strike 1-1: Foul Ball, location: 2F 1-2: Ball 2-2: Foul Ball, location: 2F 2-2: DOUBLE (Line Drive, 3D, EV 96.2 MPH)
|
|
Pitching: RHP Greg Ritchie
|
|
|
Batting: RHB Ernst Meloche
|
0-0: Ball 1-0: Ball 2-0: Ball 3-0: Called Strike 3-1: Base on Balls
|
|
Batting: RHB Aaron Cusick
|
0-0: Ground out 3-1 (Groundball, 34, EV 91.2 MPH)
|
| Top of the 11th over - 0 runs, 1 hit, 0 errors, 2 left on base; West Michigan 3 - Charleston 3 |
| BOTTOM OF THE 11TH |
|
Charleston RiverDogs batting - Pitching for West Michigan Whitecaps : RHP Denzel McPherson
|
|
Pitching: RHP T.J. McCullough
|
|
|
Now at 3B: Zack DiCicco
|
|
|
Batting: RHB Francisco Vargas
|
0-0: Ball 1-0: Called Strike 1-1: Called Strike 1-2: Strikes out swinging
|
|
Batting: RHB Jeff McClellan
|
0-0: Called Strike 0-1: Foul Ball, location: 2F 0-2: Ground out 6-3 (Groundball, 6, EV 84.4 MPH)
|
|
Batting: RHB Mike Zern
|
0-0: Ball 1-0: Ground out 6-3 (Groundball, 6, EV 87.5 MPH)
|
| Bottom of the 11th over - 0 runs, 0 hits, 0 errors, 0 left on base; West Michigan 3 - Charleston 3 |
| TOP OF THE 12TH |
|
West Michigan Whitecaps batting - Pitching for Charleston RiverDogs : RHP Greg Ritchie
|
|
Batting: LHB George Moran
|
0-0: Ball 1-0: Ball 2-0: Ball 3-0: Called Strike 3-1: Called Strike 3-2: Strikes out looking
|
|
Batting: RHB Jaden Warrior
|
0-0: Ball 1-0: Ball 2-0: Foul Ball, location: 2F 2-1: Foul Ball, location: 2F 2-2: Ground out 5-3 (Groundball, 56S, EV 84.4 MPH)
|
|
Batting: RHB Juan Acero
|
0-0: Ball 1-0: Foul Ball, location: 2F 1-1: Foul Ball, location: 2F 1-2: Ground out 6-3 (Groundball, P, EV 90.0 MPH)
|
| Top of the 12th over - 0 runs, 0 hits, 0 errors, 0 left on base; West Michigan 3 - Charleston 3 |
| BOTTOM OF THE 12TH |
|
Charleston RiverDogs batting - Pitching for West Michigan Whitecaps : RHP T.J. McCullough
|
|
Batting: RHB Bryan Massey
|
0-0: Called Strike 0-1: Ground out 6-3 (Groundball, 6, EV 90.6 MPH)
|
|
Batting: LHB Jeremiah Walker
|
0-0: Ball 1-0: Hit by Pitch
|
|
Batting: LHB Ernesto Abreu
|
0-0: Called Strike 0-1: Ball 1-1: Fielders Choice at 2nd, 4-6 (Groundball, 34D, EV 92.5 MPH)
|
|
Batting: LHB Joe Vida
|
0-0: Called Strike 0-1: Called Strike Ernesto Abreu is caught stealing 2nd base 2-6
|
| Bottom of the 12th over - 0 runs, 0 hits, 0 errors, 0 left on base; West Michigan 3 - Charleston 3 |
| TOP OF THE 13TH |
|
West Michigan Whitecaps batting - Pitching for Charleston RiverDogs : RHP Greg Ritchie
|
|
Batting: RHB Eric Angelle
|
0-0: Ball 1-0: Ball 2-0: Ball 3-0: Called Strike 3-1: Called Strike 3-2: Ground out 5-3 (Groundball, 56, EV 92.5 MPH)
|
|
Batting: RHB Zack DiCicco
|
0-0: Called Strike 0-1: Foul Ball, location: 2F 0-2: Strikes out looking
|
|
Batting: LHB Timotheus Young
|
0-0: Foul Ball, location: 2F 0-1: Ground out U3 (Groundball, 3, EV 106.2 MPH)
|
| Top of the 13th over - 0 runs, 0 hits, 0 errors, 0 left on base; West Michigan 3 - Charleston 3 |
| BOTTOM OF THE 13TH |
|
Charleston RiverDogs batting - Pitching for West Michigan Whitecaps : RHP T.J. McCullough
|
|
Batting: LHB Joe Vida
|
0-0: Ball 1-0: Ball 2-0: Foul Ball, location: 2F 2-1: Ball 3-1: Fly out, F7 (Flyball, 7LD, EV 97.5 MPH)
|
|
Batting: LHB Marc Durgin
|
0-0: Called Strike 0-1: Ball 1-1: Fly out, F7 (Line Drive, 78M, EV 95.0 MPH)
|
|
Batting: RHB Iften Olujimi
|
0-0: Foul Ball, location: 2F 0-1: Ball 1-1: Ball 2-1: Foul Ball, location: 2F 2-2: Foul Ball, location: 2F 2-2: Foul Ball, location: 2F 2-2: Strikes out looking
|
| Bottom of the 13th over - 0 runs, 0 hits, 0 errors, 0 left on base; West Michigan 3 - Charleston 3 |
| TOP OF THE 14TH |
|
West Michigan Whitecaps batting - Pitching for Charleston RiverDogs : RHP Greg Ritchie
|
|
Batting: RHB Yankel Pensak
|
0-0: Called Strike 0-1: Ball 1-1: Ball 2-1: Ball 3-1: Called Strike 3-2: Ground out 4-3 (Groundball, 34, EV 90.6 MPH)
|
|
Batting: RHB Ernst Meloche
|
0-0: Foul Ball, location: 2F 0-1: Ball 1-1: Fly out, F8 (Flyball, 89M, EV 84.4 MPH)
|
|
Pitching: LHP Cory Musial
|
|
|
Batting: RHB Aaron Cusick
|
0-0: Ball 1-0: Ball 2-0: Ball 3-0: Base on Balls
|
|
Pinch Hitting: SHB Sean Foley
|
0-0: Fly out, F9 (Line Drive, 9S, EV 98.1 MPH)
|
| Top of the 14th over - 0 runs, 0 hits, 0 errors, 1 left on base; West Michigan 3 - Charleston 3 |
| BOTTOM OF THE 14TH |
|
Charleston RiverDogs batting - Pitching for West Michigan Whitecaps : RHP T.J. McCullough
|
|
Now at SS: Sean Foley
|
|
|
Now in LF: Aaron Cusick
|
|
|
Batting: RHB Francisco Vargas
|
0-0: Foul Ball, location: 2F 0-1: Called Strike 0-2: SINGLE (Line Drive, 34, EV 106.9 MPH)
|
|
Batting: RHB Jeff McClellan
|
0-0: Called Strike 0-1: Grounds into double play, 4-6-3 (Groundball, 4, EV 99.4 MPH)
|
|
Batting: RHB Mike Zern
|
0-0: Ball 1-0: Fly out, F9 (Flyball, 89M, EV 90.6 MPH)
|
| Bottom of the 14th over - 0 runs, 1 hit, 0 errors, 0 left on base; West Michigan 3 - Charleston 3 |
| TOP OF THE 15TH |
|
West Michigan Whitecaps batting - Pitching for Charleston RiverDogs : LHP Cory Musial
|
|
Batting: RHB Jaden Warrior
|
0-0: Fly out, F4 (Popup, 34D, EV 59.4 MPH)
|
|
Batting: RHB Juan Acero
|
0-0: Swinging Strike 0-1: Called Strike 0-2: Strikes out swinging
|
|
Batting: RHB Eric Angelle
|
0-0: Called Strike 0-1: Foul Ball, location: 2F 0-2: Ball 1-2: Ball 2-2: Strikes out swinging
|
| Top of the 15th over - 0 runs, 0 hits, 0 errors, 0 left on base; West Michigan 3 - Charleston 3 |
| BOTTOM OF THE 15TH |
|
Charleston RiverDogs batting - Pitching for West Michigan Whitecaps : RHP T.J. McCullough
|
|
Batting: RHB Bryan Massey
|
0-0: Ball 1-0: Foul Ball, location: 2F 1-1: SINGLE (Groundball, 6D, EV 97.5 MPH)
|
|
Batting: LHB Jeremiah Walker
|
0-0: Ball 1-0: Ball 2-0: Swinging Strike 2-1: Reached on error, E6 (Groundball, 4M, EV 83.8 MPH) Bryan Massey to second
|
|
Batting: LHB Ernesto Abreu
|
0-0: Ball 1-0: Ball 2-0: Fielders Choice at 2nd, 3-6 (Groundball, 34, EV 99.4 MPH) Bryan Massey to third
|
|
Batting: LHB Joe Vida
|
0-0: Fly out, F9 (Flyball, 9, EV 73.1 MPH)
|
|
Pitching: RHP Alex Amparo
|
|
|
Batting: LHB Marc Durgin
|
0-0: Ball 1-0: Called Strike 1-1: SINGLE (Groundball, 4MD, EV 95.0 MPH) Bryan Massey scores
|
| Bottom of the 15th over - 1 run, 2 hits, 1 error, 1 left on base; West Michigan 3 - Charleston 4 |
|